 Dungeon Crawl Stone Soup version 0.30-a0-121-gb27577e5d9 (webtiles) character file.

Game seed: 10496959579045183942

140 IdlyInterested the Cutter (level 5, -3/40 HPs)
             Began as a Demonspawn Gladiator on Sept 14, 2022.
             Slain by an orc
             ... wielding a +2 hand axe of flaming
              (7 damage)
             ... on level 3 of the Dungeon.
             The game lasted 00:06:40 (2819 turns).

IdlyInterested the Cutter (Demonspawn Gladiator)    Turns: 2819, Time: 00:06:41

Health: -3/40      AC:  6    Str: 14    XL:     5   Next: 2%
Magic:  6/6        EV: 13    Int:  9    God:
Gold:   99         SH:  0    Dex: 17    Spells: 4/4 levels left

rFire   . . .      SeeInvis .    l - +2 short sword (speed)
rCold   . . .      Faith    .    (no shield)
rNeg    . . .      Spirit   .    b - +0 leather armour
rPois   .          Reflect  .    c - +0 helmet
rElec   .          Harm     .    (no cloak)
rCorr   .          Rampage  .    (no gloves)
Will    .....                    (no boots)
Stlth   +.........               (no amulet)
HPRegen 0.13/turn                (no ring)
MPRegen 0.10/turn                (no ring)

@: brilliant
A: icy blue scales 1, demonic magic 1
a: no special abilities


You were on level 3 of the Dungeon.
You visited 1 branch of the dungeon, and saw 3 of its levels.

You collected 99 gold pieces.

Inventory:

Hand Weapons
 a - a +0 rapier
 l - a +2 short sword of speed (weapon)
Missiles
 d - 3 throwing nets
 e - a javelin
 f - 11 poisoned darts (quivered)
 k - 27 stones
Armour
 b - a +0 leather armour (worn)
 c - a +0 helmet (worn)
Magical Staves
 m - a staff of poison
Jewellery
 r - a ring of flight
Scrolls
 g - a scroll of identify {unknown}
 h - 3 scrolls of amnesia {unknown}
 i - a scroll of poison {unknown}
 p - a scroll of silence {unknown}
Potions
 n - a potion of haste {unknown}
 o - a potion of lignification {unknown}
 q - a potion of berserk rage {unknown}


   Skills:
 + Level 2.8 Fighting
 * Level 3.7 Short Blades
 - Level 1.7 Throwing
 * Level 3.6 Dodging
 + Level 2.1 Invocations


You had 4 spell levels left.
You didn't know any spells.
Your spell library contained the following spells:

 Spells                   Type           Power      Damage    Failure   Level
 Beastly Appendage        Tmut           0%         N/A       45%         1
 Wereblood                Tmut           0%         N/A       61%         2
 Ozocubu's Armour         Ice            0%         N/A       83%         3
 Spider Form              Tmut/Pois      0%         N/A       83%         3
 Ozocubu's Refrigeration  Ice            0%         4d7       100%        7


Dungeon Overview and Level Annotations

Branches:
Dungeon (3/15)

Altars:


Innate Abilities, Weirdness & Mutations

You are partially covered in icy blue scales. (AC +2)
Spells you cast may paralyse adjacent enemies.


Message History

The orc attacks as you move away! The orc barely misses you.
The goblin barely misses you. Something hits you but does no damage.
You barely miss the orc. The goblin hits you with a +0 club.
Something hits you but does no damage. The orc barely misses you.
The orc hits you with a +0 club.
You closely miss the orc. You barely miss the orc.
The goblin barely misses you. Something hits you but does no damage.
The orc hits you with a +2 hand axe of flaming.
The orc burns you. The orc closely misses you.
You closely miss the orc. You puncture the orc!
You kill the orc!
The goblin misses you. The orc barely misses you.
You hear some strange, mumbled words.
A puff of flame appears from out of thin air!
The puff of flame hits you.
You barely miss something. You miss something. Your punch misses something.
The goblin barely misses you. The orc closely misses you. Something hits you.
Something hits you but does no damage.
You closely miss something. The goblin hits you but does no damage.
Something hits you but does no damage.
The orc hits you with a +2 hand axe of flaming.
The orc burns you. Something hits you.
You closely miss something. You hit something. The goblin barely misses you.
You hear some strange, mumbled words.
Something tries to affect you, but you resist.
The orc hits you with a +2 hand axe of flaming.
* * * LOW HITPOINT WARNING * * *
The orc burns you.
* * * LOW HITPOINT WARNING * * *
Something hits you.
* * * LOW HITPOINT WARNING * * *
It was a potion of brilliance.
You feel clever all of a sudden. The goblin completely misses you.
Something hits you but does no damage.
The orc hits you with a +2 hand axe of flaming!
You die...

######### #@oo....#
#...{{g.....#
#.###.......#
####+###.......#
#..............####
########.................#
#........................#
#.###...........####.....#
#.# #.##........# ######


You could see 2 orcs and a goblin.

Vanquished Creatures
  4 gnolls (D:3)
  4 adders
  2 worms (D:2)
  A dart slug (D:2)
  An orc (D:3)
  3 bats
  7 endoplasms
  2 giant cockroaches
  4 goblins
  4 hobgoblins (D:1)
  2 quokkas
  4 ball pythons
  A frilled lizard (D:1)
  9 kobolds
  8 rats
56 creatures vanquished.

Notes
Turn   | Place    | Note
-------+----------+-------------------------------------------
     0 | D:1      | IdlyInterested the Demonspawn Gladiator began the quest for
                  | the Orb.
     0 | D:1      | Reached XP level 1. HP: 16/16 MP: 1/1
   557 | D:1      | Gained mutation: You are partially covered in icy blue
                  | scales. (AC +2) [demonic ancestry]
   557 | D:1      | Reached XP level 2. HP: 13/22 MP: 2/2
   973 | D:1      | Reached skill level 1 in Invocations
  1435 | D:1      | Found a faded altar of an unknown god.
  1626 | D:2      | Reached XP level 3. HP: 27/27 MP: 3/3
  2001 | D:2      | Gained mutation: Spells you cast may paralyse adjacent
                  | enemies. [demonic ancestry]
  2001 | D:2      | Reached XP level 4. HP: 34/34 MP: 5/5
  2782 | D:3      | Reached XP level 5. HP: 40/40 MP: 6/6
  2819 | D:3      | Slain by an orc

Illustrated notes

Levels and vault maps discovered:
D:1:      matt_arrival_refuge, layout_loops_corners,
          shapermc_ecumenical_altar_mp_vishouse, chequers_serial_rivers_marsh,
          kennysheep_minor_cross, st_stairs_8, minmay_misc_feat_alley,
          minmay_stone_trees_small, nrook_loot_triangle, minmay_misc_feat_cross,
          minmay_pentomino_z2
D:2:      layout_basic
D:3:      layout_basic, kennysheep_orc_sif_temple

Skill      XL: |  1  2  3  4 |
---------------+-------------+-----
Short Blades   | 3 |  3.7
Dodging        | 3 |  3.6
Invocations    | 1 2 |  2.1
Fighting       | |  2.8
Throwing       | |  1.7

Action                   |  1- 3 |  4- 6 || total
-------------------------+-------+-------++-------
Melee: Rapier            |    58 |       ||    58
       Punch             |     1 |       ||     1
       Short sword       |    79 |    94 ||   173
Throw: Javelin           |       |     1 ||     1
  Use: Potion            |       |     2 ||     2
 Stab: Sleeping          |     1 |     1 ||     2
Armor: Leather armour    |    33 |    20 ||    53
Dodge: Dodged            |    68 |    46 ||   114

Table legend: (Time is in decaauts)
 A = Elapsed time spent in this place.
 B = Non-inter-level travel time spent in this place.
 C = Inter-level travel time spent in this place.
 D = Time resting spent in this place.
 E = Time spent auto-exploring this place.
 F = Levels seen in this place.
 G = Mean time per level.
                   A        B        C        D        E       F      G
               +--------+--------+--------+--------+--------+-----+--------+
         Total |   2748 |   2538 |    210 |    618 |   1421 |   3 |  916.0 |
       Dungeon |   2748 |   2538 |    210 |    618 |   1421 |   3 |  916.0 |
               +--------+--------+--------+--------+--------+-----+--------+

Top non-repeatable levels by time:
     D:1: 1753 daAuts
     D:2: 560 daAuts
     D:3: 434 daAuts
